 Dungeon Crawl Stone Soup version 0.27.1-35-g4d5d836560 (console) character file.

Game seed: 11937969344254578469

5009 Banquo the Cleaver (level 10, -4/74 HPs)
             Began as a Formicid Fighter on Mar 5, 2022.
             Was a Follower of Uskayaw.
             Slain by a two-headed ogre (15 damage)
             ... on level 9 of the Dungeon.
             The game lasted 00:45:24 (13878 turns).

Banquo the Cleaver (Formicid Fighter)              Turns: 13878, Time: 00:45:24

Health: -4/74      AC: 16    Str: 23    XL:     10   Next: 84%
Magic:  14/14      EV:  9    Int:  9    God:    Uskayaw [*.....]
Gold:   1364       SH: 18    Dex: 10    Spells: 9/9 levels left

rFire    + . .     SeeInvis +   a - +2 war axe (freeze)
rCold    + . .     Faith    .   i - +1 tower shield
rNeg     . . .     Spirit   .   d - +0 plate armour
rPois    .         Reflect  .   (helmet unavailable)
rElec    .         Harm     .   e - scarf {rC+ rF+}
rCorr    .         Rampage  .   (no gloves)
Will     +....                  (no boots)
Stlth    ..........             (no amulet)
HPRegen  0.22/turn              E - +4 ring of evasion
MPRegen  0.14/turn              A - +4 ring of protection

@: no status effects
A: permanent stasis, dig shafts and tunnels, antennae 3, four strong arms
a: Dig, Shaft Self, Renounce Religion, Stomp


You were on level 9 of the Dungeon.
You worshipped Uskayaw.
Uskayaw was noncommittal.
You visited 2 branches of the dungeon, and saw 10 of its levels.
You also visited: Sewer.

You collected 1409 gold pieces.
You spent 45 gold pieces at shops.

Inventory:

Hand Weapons
 a - a +2 war axe of freezing (weapon)
 b - a +1 whip of electrocution
 s - a +2 dire flail of draining
 x - a +2 executioner's axe of draining
 z - a +0 trident
 D - a +1 war axe
Missiles
 f - 291 stones
 u - 54 poisoned darts
 y - 4 boomerangs of dispersal
 F - 7 boomerangs (quivered)
Armour
 d - a +0 plate armour (worn)
 e - a scarf of resistance (worn)
 h - +0 acid dragon scales
 i - a +1 tower shield (worn)
 k - a +0 kite shield
 q - a +1 cloak
Jewellery
 A - a +4 ring of protection (right hand)
 E - a +4 ring of evasion (left hand)
Wands
 l - a wand of polymorph (4)
 p - a wand of paralysis (8)
Scrolls
 j - a scroll of summoning
 m - 2 scrolls of magic mapping
 r - 5 scrolls of identify
 B - a scroll of fog
 C - 2 scrolls of noise
 G - a scroll of holy word
Potions
 c - a potion of flight
 g - 2 potions of brilliance
 n - a potion of mutation
 o - 2 potions of resistance
 t - 5 potions of curing
 v - 4 potions of heal wounds
 w - a potion of magic


   Skills:
 + Level 5.2 Fighting
 * Level 10.9 Axes
 * Level 6.5 Armour
 + Level 1.7 Dodging
 * Level 8.8 Shields
 * Level 6.0 Invocations


You had 9 spell levels left.
You didn't know any spells.
Your spell library contained the following spells:

 Spells                   Type           Power      Damage    Failure   Level
 Summon Small Mammal      Summ           0%         N/A       100%        1
 Call Canine Familiar     Summ           0%         N/A       100%        3
 Conjure Flame            Conj/Fire      0%         6-21      100%        3
 Dazzling Flash           Conj/Hex       0%         N/A       100%        3
 Ignite Poison            Fire/Tmut/Pois 0%         N/A       100%        3
 Portal Projectile        Hex/Tloc       0%         N/A       100%        3
 Summon Guardian Golem    Hex/Summ       0%         N/A       100%        3
 Sticky Flame             Conj/Fire      0%         2d3       100%        4
 Agony                    Necr           0%         N/A       100%        5
 Blade Hands              Tmut           0%         N/A       100%        5
 Excruciating Wounds      Necr           0%         N/A       100%        5
 Manifold Assault         Tloc           0%         N/A       100%        5
 Silence                  Hex/Air        0%         N/A       100%        5
 Storm Form               Tmut/Air       0%         N/A       100%        7
 Blink                    Tloc           Unusable   N/A       N/A         2

Dungeon Overview and Level Annotations

Branches:
Dungeon (9/15)             Temple (1/1) D:4           Sewer (visited)
   Lair: D:8-11         Orc: D:9-12

Altars:
Ashenzari
Cheibriados
Dithmenos
Elyvilon
Fedhas
Hepliaklqana
Kikubaaqudgha
Makhleb
Nemelex Xobeh
Okawaru
Qazlal
Sif Muna
Trog
Uskayaw
Vehumet
Wu Jian
Xom
Yredelemnul
Zin
The Shining One

Shops:
D:4 (?(   D:5 ?


Innate Abilities, Weirdness & Mutations

You cannot be hasted, slowed, berserked, paralysed or teleported.
You can dig through walls and to a lower floor.
You have a pair of large antennae on your head. (SInv)
Your four strong arms can wield two-handed weapons with a shield.


Message History

The two-headed ogre hits you but does no damage.
You barely miss the two-headed ogre.
The two-headed ogre hits you with a +0 giant spiked club!
You block the two-headed ogre's attack.
You slash the two-headed ogre! You freeze the two-headed ogre.
The two-headed ogre is moderately wounded.
The two-headed ogre hits you with a +0 giant spiked club!
You block the two-headed ogre's attack.
You hit the two-headed ogre. You freeze the two-headed ogre.
The two-headed ogre is heavily wounded.
The two-headed ogre hits you with a +0 giant spiked club!
You block the two-headed ogre's attack.
You can now pass through a line of other dancers.
You closely miss the two-headed ogre.
The two-headed ogre is heavily wounded.
The two-headed ogre hits you with a +0 giant spiked club!!
* * * LOW HITPOINT WARNING * * *
You block the two-headed ogre's attack.
Unknown command.
Press: ? - help, v - describe, . - travel
Here: a two-headed ogre, wielding two +0 giant spiked clubs (heavily wounded)
The floor, spattered with blood.
Unknown command.
Found a shimmering altar of Xom.
You can no longer pass through a line of other dancers.
Found 14 arrows.
A bullfrog comes into view.
The bullfrog gives a loud, deep croak!
The bullfrog moves out of view.
Found 16 sling bullets.
The orc wizard points at you and mumbles some strange words.
The magic dart hits you but does no damage.
The orc wizard mumbles some strange words.
The orc wizard flickers and vanishes for a moment.
An orc priest comes into view. It is wielding a +0 whip.
The orc priest moves out of view.
Are you sure you want to shaft yourself?
You begin to dig a shaft.
You continue digging a shaft.
The two-headed ogre hits you with a +0 giant spiked club!
You die...

####.##.## .≈.≈≈≈≈
..########......#o####.≈.....
............#.#.##.....≈≈≈≈≈≈
....###.....#.#.##.##........
..).........#......##.###....
......#.....#######....#....#
............####..##...#...##
.##..####.....#....#...#...#.
.... #.#####.@#.#...#...#.
.#### #.# #.O##.#{{#.#..#.
##.# #.o#(.#..#.#..#. #..#
#..####..#.#..## #.##
##..##..##.##..# #.#
#..{...#...#... #.#
##....##...##.. #.# ##..##
....# #.## #### .#..


You could see a two-headed ogre and an orc warrior.

Vanquished Creatures
  A two-headed ogre (D:7)
  3 centaur zombies
  Maggie (D:7)
  A troll (D:8)
  A shadow (D:8)
  A basilisk (D:8)
  Menkaure (D:5)
  Edmund (D:6)
  2 orc warriors (D:6)
  2 sky beasts
  A black bear (D:5)
  A necrophage (D:7)
  3 ogres
  3 centaurs
  2 phantoms (D:5)
  2 kobold brigands
  A bullfrog (D:8)
  3 scorpions
  A water moccasin skeleton (D:4)
  2 wyvern skeletons
  3 wights (D:7)
  3 howler monkeys
  2 centaur skeletons
  A jelly (D:6)
  An orc priest (D:6)
  2 gnoll shamans (D:7)
  5 hounds
  Jessica (D:2)
  5 iguanas
  8 orc wizards
  A scorpion zombie (D:5)
  A mummy (D:6)
  Robin (D:2)
  12 gnolls
  A howler monkey skeleton (D:7)
  4 adders
  A river rat (D:5)
  A shadow imp (D:5)
  2 worms
  4 dart slugs (D:1)
  22 orcs
  7 ball pythons
  5 bats
  9 endoplasms
  3 giant cockroaches
  15 goblins
  11 hobgoblins
  9 jackals (Sewer)
  17 kobolds
  2 quokkas
  4 frilled lizards
  A hobgoblin zombie (D:6)
  A kobold zombie (D:6)
  2 orc zombies (D:6)
  11 rats
211 creatures vanquished.

Vanquished Creatures (others)
  24 plants
24 creatures vanquished.

Grand Total: 235 creatures vanquished

Notes
Turn   | Place    | Note
-------+----------+-------------------------------------------
     0 | D:1      | Banquo the Formicid Fighter began the quest for the Orb.
     0 | D:1      | Reached XP level 1. HP: 18/18 MP: 1/1
   185 | D:1      | Reached XP level 2. HP: 23/24 MP: 2/2
   274 | D:1      | Reached skill level 3 in Axes
   319 | D:1      | Reached XP level 3. HP: 20/29 MP: 3/3
  1345 | D:2      | Reached skill level 4 in Axes
  1345 | D:2      | Reached XP level 4. HP: 31/35 MP: 4/4
  1533 | D:2      | Noticed Robin
  1546 | D:2      | Killed Robin
  1669 | D:2      | Noticed Jessica
  1671 | D:2      | Killed Jessica
  1693 | D:2      | Reached XP level 5. HP: 41/41 MP: 5/5
  1835 | D:2      | Reached skill level 5 in Axes
  4110 | D:4      | Found a staircase to the Ecumenical Temple.
  4119 | Temple   | Entered the Ecumenical Temple
  4363 | Temple   | Became a worshipper of Uskayaw the Reveller
  4513 | D:4      | Found Zageg's Magic Scroll Boutique.
  4574 | D:4      | Found an iron altar of Okawaru.
  4668 | D:4      | Found Vidamokh's Antique Weapon Shop.
  4680 | D:4      | Reached * piety under Uskayaw
  4824 | D:4      | Found Jidejuof's Antique Weapon Shop.
  4928 | D:4      | Reached ** piety under Uskayaw
  4932 | D:4      | Reached XP level 6. HP: 47/47 MP: 6/6
  5033 | D:4      | Reached skill level 6 in Axes
  5184 | D:4      | Noticed a sky beast
  5379 | D:4      | Found a radiant altar of Vehumet.
  5572 | D:4      | Reached *** piety under Uskayaw
  5573 | D:4      | Killed a sky beast
  5574 | D:4      | Reached skill level 1 in Invocations
  5574 | D:4      | Reached XP level 7. HP: 18/52 MP: 7/7
  6124 | D:5      | Entered Level 5 of the Dungeon
  6309 | D:5      | Reached skill level 7 in Axes
  6344 | D:5      | Found Aluph's Magic Scroll Shoppe.
  6349 | D:5      | Bought a scroll of magic mapping for 45 gold pieces
  6419 | D:5      | Found a glowing drain.
  6426 | D:5      | Reached XP level 8. HP: 36/59 MP: 9/9
  6509 | Sewer    | Entered a sewer
  7308 | D:5      | Identified 2 scrolls of acquirement
  7308 | D:5      | Acquired a +2 executioner's axe of draining
  7310 | D:5      | Acquired 1121 gold pieces
  7779 | D:5      | Noticed Menkaure
  7795 | D:5      | Killed Menkaure
  7796 | D:5      | Reached skill level 8 in Axes
  7796 | D:5      | Reached skill level 1 in Dodging
  7796 | D:5      | Reached skill level 5 in Shields
  8544 | D:6      | Reached XP level 9. HP: 65/65 MP: 11/11
  8572 | D:6      | You fall into a shaft and drop 2 floors!
  8944 | D:7      | Found an ornate altar of the Wu Jian Council.
  9233 | D:7      | Reached skill level 5 in Armour
  9248 | D:7      | Noticed Maggie
  9267 | D:7      | HP: 3/66 [Maggie/bolt of fire (4)]
  9269 | D:7      | Killed Maggie
  9269 | D:7      | Reached **** piety under Uskayaw
  9270 | D:7      | Reached skill level 9 in Axes
  9657 | D:7      | Noticed a two-headed ogre
  9669 | D:7      | Killed a two-headed ogre
  9895 | D:7      | Found a shimmering blue altar of Sif Muna.
  9937 | D:7      | Reached XP level 10. HP: 71/73 MP: 13/13
 10662 | D:7      | Reached skill level 10 in Axes
 10816 | D:6      | Reached skill level 5 in Invocations
 11059 | D:6      | Reached skill level 5 in Fighting
 11229 | D:6      | Noticed Edmund
 11239 | D:6      | Killed Edmund
 11880 | D:6      | Identified the +0 ring mail of Skepticism {Dex+2}
 12212 | D:7      | Found a shimmering blue altar of Sif Muna.
 12766 | D:7      | Found an ornate altar of the Wu Jian Council.
 13552 | D:8      | Found a hazy altar of Hepliaklqana.
 13827 | D:9      | Found a glowing golden altar of the Shining One.
 13832 | D:9      | Noticed a two-headed ogre
 13859 | D:9      | Found a shimmering altar of Xom.
 13878 | D:9      | Slain by a two-headed ogre

Illustrated notes

Levels and vault maps discovered:
D:1:      minmay_arrival_up_and_down, layout_loops_ring
D:2:      layout_basic, kennysheep_generic_room_4, uniq_jessica, uniq_robin
D:3:      layout_basic, minivault_19, minmay_misc_feat_pillars,
          palyth_stone_intersect, minivault_14
D:4:      kb_forest_paths, layout_basic, mainiacjoe_overflow_boulevard,
          lemuel_coloured_pillars_altar, minmay_temple_entry_grid, serial_shops,
          shop, nicolae_lakefront_shop, shop
D:5:      cheibrodos_helix_gallery, layout_basic, serial_shops, shop,
          portal_sewer_entry_e, uniq_menkaure
D:6:      layout_loops_ring, minmay_mini_ossuary, uniq_edmund
D:7:      layout_loops_corners, nicolae_wu_jian_wuxing_cycle, tgw_sif,
          grunt_ministairs_9, uniq_maggie
D:8:      layout_loops_cross, nicolae_hepliaklqana_hippocampus,
          kennysheep_nondescript
D:9:      layout_loops_cross, chequers_temple_overflow_statue_of_worship,
          mainiacjoe_overflow_24_doors,
          mainiacjoe_overflow_concentric_impassable, david_lair_generic,
          orc_0_dummy, serial_shops, nicolae_inconvenience_store, minmay_puff
Temple:   oiseaux_autumnal_temple

Skill      XL: |  1  2  3  4  5  6  7  8  9 10 |
---------------+-------------------------------+-----
Axes           | 3 4 5 6 7 8 9 10 | 10.9
Shields        | 4 5 7 8 |  8.8
Invocations    | 1 2 3 4 6 |  6.0
Armour         | 4 5 6 |  6.5
Fighting       | 4 5 |  5.2
Dodging        | 1 |  1.7

Action                   |  1- 3 |  4- 6 |  7- 9 | 10-12 || total
-------------------------+-------+-------+-------+-------++-------
Melee: War axe           |    99 |   134 |   354 |   252 ||   839
Throw: Boomerang         |       |       |       |    14 ||    14
 Abil: Dig               |     1 |    10 |    14 |    13 ||    38
       Shaft Self        |       |       |     1 |     1 ||     2
  Use: Scroll            |     4 |     7 |     9 |     5 ||    25
       Potion            |       |       |     2 |       ||     2
 Stab: Paralysed         |       |     1 |     4 |     4 ||     9
Armor: Scale mail        |    30 |    36 |    76 |       ||   142
       Chain mail        |       |       |    18 |       ||    18
       Acid dragon scale |       |       |     5 |     2 ||     7
       Plate armour      |       |       |       |    51 ||    51
Dodge: Dodged            |    31 |    34 |   111 |    54 ||   230
Block: Kite shield       |    58 |    70 |   105 |       ||   233
       Tower shield      |       |       |    69 |   176 ||   245
